 Dungeon Crawl Stone Soup version 0.31-a0-174-g85c54bcb58 (webtiles) character file.

Game seed: 652109804100147053

2020 qw the Cleaver (level 9, -2/55 HPs)
             Began as a Gargoyle Fighter on June 15, 2023.
             Was an Initiate of Okawaru.
             Engulfed by a steam dragon's steam (9 damage)
             ... on level 8 of the Dungeon.
             The game lasted 00:02:53 (7663 turns).

qw the Cleaver (Gargoyle Fighter)                   Turns: 7663, Time: 00:02:53

Health: -2/55      AC: 19    Str: 25    XL:     9   Next: 23%
Magic:  10/10      EV:  9    Int:  8    God:    Okawaru [......]
Gold:   372        SH:  4    Dex: 12    Spells: 8/8 levels left

rFire   x . .        Y - +3 war axe
rCold   + . .        c - +0 buckler
rNeg    + . .        m - +0 chain mail
rPois   inf          (no helmet)
rElec   +            f - +2 cloak
rCorr   +            (no gloves)
SInv    .            (no boots)
Will    +....        (no amulet) Stlth
                     i - ring of Dishonesty {Ice Will+ Dex+3 Stlth+}
HPRegen 0.29/turn    g - ring of resist corrosion
MPRegen 0.12/turn

%: no passive effects
@: about to teleport
A: sickness immunity, AC +6, negative energy resistance 1, electricity
resistance, torment resistance 1, petrification resistance
a: Renounce Religion


You were on level 8 of the Dungeon.
You worshipped Okawaru.
Okawaru was noncommittal.
You visited 2 branches of the dungeon, and saw 9 of its levels.

You collected 456 gold pieces.
You spent 84 gold pieces at shops.


Innate Abilities, Weirdness & Mutations

You are immune to sickness and miasma.
Your stone body is resilient. (AC +6)
You are immune to poison.
You resist negative energy. (rN+)
You are resistant to electric shocks. (rElec)
You are resistant to unholy torment.
You are immune to petrification.


   Skills:
 - Level 6.1 Fighting
 - Level 9.0 Axes
 - Level 2.2 Throwing
 - Level 4.1 Armour
 - Level 1.9 Dodging
 + Level 3.4 Shields
 - Level 1.3 Invocations


You had 8 spell levels left.
You didn't know any spells.
Your spell library was empty.

Inventory:

Hand Weapons
 j - a +0 flail
 Y - a +3 war axe (weapon)
Missiles
 u - 6 javelins (quivered)
 v - 6 boomerangs of dispersal
Armour
 c - a +0 buckler (worn)
 f - a +2 cloak (worn)
 m - a +0 chain mail (worn)
Jewellery
 g - a ring of resist corrosion (right hand)
 i - the ring of Dishonesty (left hand) {Ice Will+ Dex+3 Stlth+}
   (You acquired it on level 3 of the Dungeon)

   [ring of ice]

   It enhances your ice magic.
   Dex:       It affects your dexterity (+3).
   rF:        It makes you vulnerable to fire.
   rC:        It protects you from cold.
   Will:      It increases your willpower.
   Stlth:     It makes you more stealthy.
Wands
 b - a wand of digging (4)
Scrolls
 a - a scroll of identify
 o - 4 scrolls of teleportation
Potions
 d - a potion of might
 e - 3 potions of cancellation
 h - a potion of lignification
 k - a potion of magic
 l - 2 potions of haste
 n - a potion of attraction {unknown}
 p - 3 potions of curing
 q - a potion of ambrosia {unknown}
 r - a potion of heal wounds
 s - a potion of brilliance {unknown}

Dungeon Overview and Level Annotations

Branches:
Dungeon (8/15)             Temple (1/1) D:4
   Lair: D:8-11

Altars:
Ashenzari
Cheibriados
Dithmenos
Elyvilon
Fedhas
Gozag
Hepliaklqana
Kikubaaqudgha
Nemelex Xobeh
Okawaru
Qazlal
Ru
Sif Muna
Vehumet
Yredelemnul
Zin
The Shining One

Shops:
D:3 ?


Message History

It was a scroll of fog.
Partly explored, can't reach some places.
(D) Dungeon (T) Temple
Where to? (* - list waypoints, Enter - D:7, ? - help)
What level of the Dungeon? (default 1, ? - help)
There is a stone staircase leading down here.
You climb downwards.
There is a stone staircase leading up here.
Waypoint 8 assigned to D:8.
A steam dragon comes into view.
Found a scroll of enchant weapon.
The steam dragon hisses angrily.
The steam dragon moves out of view.
The steam dragon breathes steam at you. The ball of steam misses you.
7656 ||| Stepping ~*~*~tactically~*~*~ (cloud).
Partly explored, can't reach some items and places.
Partly explored, can't reach some items and places.
You are engulfed in a cloud of scalding steam.
Found a blackened glass ring.
You closely miss the steam dragon.
The steam dragon bites you but does no damage.
The steam dragon claws you but does no damage.
You hit the steam dragon.
The steam dragon is lightly wounded.
The steam dragon bites you! The steam dragon claws you.
You hit the steam dragon but do no damage.
The steam dragon is lightly wounded.
The steam dragon bites you but does no damage.
You block the steam dragon's attack.
You barely miss the steam dragon.
The steam dragon is lightly wounded.
The steam dragon breathes steam at you. The ball of steam hits you!!
The steam scalds you terribly!
You hear an angry hiss.
7663 ||| READING 5 scrolls of teleportation.
As you read the scroll of teleportation, it crumbles to dust.
You feel strangely unstable.
You are engulfed in a cloud of scalding steam.
You die...

.=.... ......
#...... .......
.....# .....##
##########.......
#........@.......
##.######D.......
#.# #........ #.#
#......## #.#
#....?.# #.#
#......# #.#
####.###.## #.#
#<##.. .# #.# #.#


You could see a steam dragon (catching breath).

Vanquished Creatures
  A yak (D:5)
  A steam dragon (D:7)
  A water moccasin (D:7)
  Duvessa (D:6)
  2 black bears
  An ice beast (D:3)
  2 ogres (D:5)
  A centaur (D:7)
  A phantom (D:5)
  A gnoll sergeant (D:7)
  A wight (D:5)
  Dowan (D:6)
  2 electric eels (D:7)
  A howler monkey (D:6)
  A jelly (D:5)
  A gnoll bouda (D:5)
  2 hounds (D:5)
  3 iguanas
  Jessica (D:3)
  Ijyb (D:3)
  An orc wizard (D:6)
  6 gnolls
  9 adders
  A shadow imp (D:7)
  3 white imps (D:5)
  2 worms (D:2)
  5 dart slugs
  14 orcs
  7 endoplasms
  2 giant cockroaches
  7 goblins
  8 hobgoblins
  6 kobolds
  4 quokkas
  6 ball pythons
  7 bats
  4 frilled lizards
  5 rats
123 creatures vanquished.

Vanquished Creatures (others)
  Eustachio (D:6)
1 creature vanquished.

Grand Total: 124 creatures vanquished

Notes
Turn   | Place    | Note
-------+----------+-------------------------------------------
     0 | D:1      | qw the Gargoyle Fighter began the quest for the Orb.
     0 | D:1      | Reached XP level 1. HP: 14/14 MP: 1/1
     0 | D:1      | 0 ||| qw: Version: 0.2-a-29-g511e9b1
     0 | D:1      | 0 ||| qw: Game counter: 5473
     0 | D:1      | 0 ||| qw: Always use a shield: true
     0 | D:1      | 0 ||| qw: God list: Okawaru
     0 | D:1      | 0 ||| qw: Allow faded altars: false
     0 | D:1      | 0 ||| qw: Do Orc after D:15 true
     0 | D:1      | 0 ||| qw: Do second Lair branch before Depths: true
     0 | D:1      | 0 ||| qw: Lair rune preference: random
     0 | D:1      | 0 ||| qw: Plans: Normal, Zot:1-4, Slime:5, God:TSO, Crypt,
                  | Tomb, Abyss, Pan, Hells, Win
     0 | D:1      | 0 ||| PLANNING D:1-11
    26 | D:1      | Reached skill level 2 in Axes
   182 | D:1      | 182 ||| FLEEEEING.
   184 | D:1      | Reached XP level 2. HP: 14/19 MP: 2/2
   359 | D:1      | 359 ||| FLEEEEING.
   360 | D:1      | 360 ||| FLEEEEING.
   361 | D:1      | 361 ||| FLEEEEING.
   524 | D:1      | 524 ||| DROPPING +0 club.
   546 | D:1      | 546 ||| FLEEEEING.
   547 | D:1      | 547 ||| FLEEEEING.
   548 | D:1      | 548 ||| FLEEEEING.
   549 | D:1      | 549 ||| FLEEEEING.
   550 | D:1      | 550 ||| FLEEEEING.
   574 | D:1      | Reached skill level 3 in Axes
   684 | D:1      | Reached XP level 3. HP: 23/23 MP: 3/3
   821 | D:1      | 821 ||| UPGRADING to +0 cloak.
   826 | D:1      | 826 ||| READING scroll labelled POOTIY RAUSS.
   830 | D:1      | 830 ||| READING scroll labelled HOHYT COETIQ QEKHE.
   908 | D:2      | Found a shimmering blue altar of Sif Muna.
  1155 | D:2      | 1155 ||| DROPPING +0 whip.
  1198 | D:2      | 1198 ||| READING scroll of enchant armour.
  1198 | D:2      | 1198 ||| ENCHANTING +0 cloak.
  1376 | D:2      | 1376 ||| Stepping ~*~*~tactically~*~*~ (stealth).
  1615 | D:2      | Reached XP level 4. HP: 28/28 MP: 4/4
  1660 | D:2      | Noticed a black bear
  1672 | D:2      | HP: 5/28 [black bear (8)]
  1672 | D:2      | HP: 2/28 [black bear (3)]
  1673 | D:2      | Killed a black bear
  1674 | D:2      | Reached skill level 4 in Axes
  1674 | D:2      | Reached XP level 5. HP: 3/32 MP: 5/5
  1822 | D:2      | 1822 ||| Stepping ~*~*~tactically~*~*~ (hiding).
  1975 | D:2      | 1975 ||| UPGRADING to +0 chain mail.
  1985 | D:2      | 1985 ||| DROPPING +0 scale mail.
  1986 | D:2      | 1986 ||| DROPPING +3 ring mail.
  1987 | D:2      | 1987 ||| READING scroll labelled MESEEN GORADA.
  1988 | D:2      | 1988 ||| READING scroll labelled KOBLAAB GAURCH.
  1989 | D:2      | 1989 ||| READING scroll labelled TUBRAS ZYSOE.
  1990 | D:2      | 1990 ||| READING scroll labelled GUUMMU KUOCOU.
  2076 | D:3      | Reached skill level 5 in Axes
  2168 | D:3      | Found Riwits's Magic Scroll Shop.
  2171 | D:3      | 2171 ||| BUYING scroll of identify (28 gold).
  2171 | D:3      | Bought a scroll of identify for 28 gold pieces
  2171 | D:3      | 2171 ||| BUYING scroll of identify (28 gold).
  2171 | D:3      | Bought a scroll of identify for 28 gold pieces
  2171 | D:3      | 2171 ||| BUYING scroll of identify (28 gold).
  2171 | D:3      | Bought a scroll of identify for 28 gold pieces
  2171 | D:3      | 2171 ||| SHOPLISTING scroll of teleportation (42 gold, have
                  | 10).
  2226 | D:3      | Noticed an ice beast
  2235 | D:3      | Killed an ice beast
  2236 | D:3      | Reached XP level 6. HP: 39/39 MP: 6/6
  2257 | D:3      | Noticed Ijyb
  2258 | D:3      | 2258 ||| Stepping ~*~*~tactically~*~*~ (stealth).
  2266 | D:3      | 2266 ||| Stepping ~*~*~tactically~*~*~ (stealth).
  2267 | D:3      | 2267 ||| Stepping ~*~*~tactically~*~*~ (stealth).
  2274 | D:3      | Killed Ijyb
  2753 | D:3      | 2753 ||| FLEEEEING.
  2754 | D:3      | 2754 ||| FLEEEEING.
  2890 | D:3      | Noticed Jessica
  2893 | D:3      | Killed Jessica
  3122 | D:3      | 3122 ||| READING scroll labelled ZETHOE QUSEIDD.
  3122 | D:3      | Identified a scroll of acquirement
  3122 | D:3      | 3122 ||| ACQUIRING ring of Dishonesty {Ice Will+ Dex+3
                  | Stlth+}
  3122 | D:3      | Acquired the ring of Dishonesty {Ice Will+ Dex+3 Stlth+}
  3124 | D:3      | 3124 ||| UPGRADING to ring of Dishonesty {Ice Will+ Dex+3
                  | Stlth+}.
  3125 | D:3      | 3125 ||| DRINKING 4 lumpy pink potions.
  3126 | D:3      | 3126 ||| DRINKING 2 fuming brown potions.
  3127 | D:3      | 3127 ||| READING 4 scrolls of identify.
  3127 | D:3      | 3127 ||| IDENTIFYING emerald potion
  3128 | D:3      | 3128 ||| READING 3 scrolls of identify.
  3128 | D:3      | 3128 ||| IDENTIFYING black potion
  3129 | D:3      | 3129 ||| READING 2 scrolls of identify.
  3129 | D:3      | 3129 ||| IDENTIFYING purple potion
  3130 | D:3      | 3130 ||| DROPPING potion of degeneration.
  3131 | D:3      | 3131 ||| DROPPING potion of enlightenment.
  3401 | D:4      | Found a basalt altar of Yredelemnul.
  3438 | D:4      | 3438 ||| READING scroll of enchant weapon.
  3438 | D:4      | 3438 ||| ENCHANTING +1 war axe.
  3583 | D:4      | Found a staircase to the Ecumenical Temple.
  3584 | D:4      | 3584 ||| PLANNING TEMPLE
  3584 | D:4      | 3584 ||| UPGRADING to ring of resist corrosion.
  3590 | Temple   | Entered the Ecumenical Temple
  3733 | Temple   | 3733 ||| PLANNING OKAWARU WORSHIP
  3830 | Temple   | Became a worshipper of Warmaster Okawaru
  3831 | Temple   | 3831 ||| PLANNING D:1-11
  4064 | D:4      | Found a white marble altar of Elyvilon.
  4213 | D:5      | Entered Level 5 of the Dungeon
  4261 | D:5      | Reached skill level 1 in Dodging
  4261 | D:5      | Reached XP level 7. HP: 22/44 MP: 7/7
  4275 | D:5      | 4275 ||| Stepping ~*~*~tactically~*~*~ (stealth).
  4426 | D:5      | 4426 ||| Stepping ~*~*~tactically~*~*~ (hiding).
  4440 | D:5      | Reached skill level 6 in Axes
  4557 | D:5      | 4557 ||| READING scroll of enchant armour.
  4557 | D:5      | 4557 ||| ENCHANTING +1 cloak.
  4563 | D:5      | 4563 ||| Stepping ~*~*~tactically~*~*~ (stealth).
  4564 | D:5      | 4564 ||| Stepping ~*~*~tactically~*~*~ (stealth).
  4846 | D:5      | Found a shadowy altar of Dithmenos.
  4859 | D:5      | Reached skill level 7 in Axes
  4933 | D:5      | 4933 ||| Stepping ~*~*~tactically~*~*~ (hiding).
  4934 | D:5      | 4934 ||| Stepping ~*~*~tactically~*~*~ (hiding).
  5052 | D:5      | Reached XP level 8. HP: 43/49 MP: 8/8
  5105 | D:5      | Reached * piety under Okawaru
  5163 | D:5      | 5163 ||| INVOKING Heroism.
  5304 | D:5      | Noticed a yak
  5307 | D:5      | Killed a yak
  5433 | D:5      | 5433 ||| READING scroll labelled LYSYIF REDUENN.
  5434 | D:5      | 5434 ||| DRINKING 2 fizzy red potions.
  5519 | D:6      | Reached skill level 8 in Axes
  5538 | D:6      | 5538 ||| READING scroll of enchant weapon.
  5538 | D:6      | 5538 ||| ENCHANTING +2 war axe.
  5663 | D:6      | Noticed Duvessa
  5663 | D:6      | Noticed Dowan
  5664 | D:6      | 5664 ||| INVOKING Heroism.
  5669 | D:6      | Killed Duvessa
  5676 | D:6      | 5676 ||| INVOKING Heroism.
  5677 | D:6      | Killed Dowan
  5678 | D:6      | Reached skill level 6 in Fighting
  5678 | D:6      | Reached skill level 1 in Invocations
  5853 | D:6      | Noticed Eustachio
  5855 | D:6      | 5855 ||| INVOKING Heroism.
  5907 | D:6      | Killed Eustachio
  6324 | D:6      | 6324 ||| READING scroll labelled SIERIL WUU.
  6325 | D:6      | 6325 ||| READING scroll labelled TAPYAR JUTOVI.
  6326 | D:6      | 6326 ||| READING 2 scrolls of identify.
  6326 | D:6      | 6326 ||| IDENTIFYING viscous green potion
  6407 | D:7      | 6407 ||| Stepping ~*~*~tactically~*~*~ (cloud).
  6564 | D:7      | Reached XP level 9. HP: 24/55 MP: 10/10
  6682 | D:7      | 6682 ||| FLEEEEING.
  6758 | D:7      | 6758 ||| INVOKING Heroism.
  6847 | D:7      | 6847 ||| Stepping ~*~*~tactically~*~*~ (hiding).
  6857 | D:7      | Reached skill level 9 in Axes
  7263 | D:7      | Found a sacrificial altar of Ru.
  7610 | D:7      | 7610 ||| READING scroll labelled ROMEATSA ITUI.
  7656 | D:8      | 7656 ||| Stepping ~*~*~tactically~*~*~ (cloud).
  7662 | D:8      | HP: 7/55 [steam dragon/ball of steam (19)]
  7663 | D:8      | 7663 ||| READING 5 scrolls of teleportation.
  7663 | D:8      | Engulfed by a steam dragon's steam

Levels and vault maps discovered:
D:1:      minmay_arrival_diagonal_passages, layout_basic
D:2:      layout_loops_corners, basic_altar
D:3:      layout_loops_corners, serial_shops, nicolae_shop_real_fake_doors,
          uniq_jessica, uniq_ijyb
D:4:      layout_basic, kennysheep_ying_yang, minmay_temple_entry_fiery
D:5:      layout_basic, grunt_dithmenos_shadows, minmay_manual_macuahuitl
D:6:      layout_basic, serial_corexii_hall, corexii_hall_statues_deadend,
          corexii_hall_statues_i, uniq_duvessa, uniq_eustachio
D:7:      layout_basic, lemuel_tele_altar, enter_bailey_1, kennysheep_path_1,
          chequers_hall_statues_corner_a
D:8:      layout_basic, grunt_lair_entry_orc_guard_hut
Temple:   nicolae_temple_figure_eight

Skill      XL: |  1  2  3  4  5  6  7  8  9 |
---------------+----------------------------+-----
Axes           | 2 3 4 5 7 8 9 |  9.0
Fighting       | 4 5 6 |  6.1
Dodging        | 1 |  1.9
Invocations    | 1 |  1.3
Throwing       | 2 |  2.2
Armour         | 4 |  4.1
Shields        | |  3.4

Action                     |  1- 3 |  4- 6 |  7- 9 || total
---------------------------+-------+-------+-------++-------
  Melee: War axe           |   102 |   120 |   172 ||   394
  Throw: Boomerang         |    25 |    28 |       ||    53
         Javelin           |       |       |     5 ||     5
 Invoke: Heroism           |       |       |     5 ||     5
    Use: Scroll            |     3 |     9 |     8 ||    20
         Potion            |       |     2 |     1 ||     3
 Armour: Scale mail        |    37 |    22 |       ||    59
         Chain mail        |       |    44 |   137 ||   181
  Dodge: Dodged            |    45 |    51 |    73 ||   169
  Block: Buckler           |    22 |    20 |    39 ||    81

Table legend:
 A = Non-vault XP
 B = Vault XP
 C = Vault XP percentage of total XP
 D = Non-vault monster count
 E = Vault monster count
 F = Vault count percentage of total count
                 A         B        C        D         E       F
            +---------+---------+-------+---------+---------+-------
      Total |    2040 |     846 |  29.3 |     114 |      10 |   8.1
            +---------+---------+-------+---------+---------+-------
        D:1 |      34 |       0 |   0.0 |      18 |       0 |   0.0
        D:2 |     187 |       0 |   0.0 |      26 |       0 |   0.0
        D:3 |     248 |      73 |  22.7 |      27 |       2 |   6.9
        D:4 |      26 |       0 |   0.0 |       7 |       0 |   0.0
        D:5 |     664 |     392 |  37.1 |      17 |       5 |  22.7
        D:6 |     136 |     381 |  73.7 |       7 |       3 |  30.0
        D:7 |     745 |       0 |   0.0 |      12 |       0 |   0.0
            +---------+---------+-------+---------+---------+-------
